| TOP OF THE 1ST |
|
Miami Marlins batting - Pitching for Milwaukee Brewers : RHP Cody Autry
|
|
Pitching: RHP Cody Autry
|
|
|
Batting: RHB Roger Salazar
|
0-0: Ball 1-0: Called Strike 1-1: Ball 2-1: Foul Ball, location: 2F 2-2: Ball 3-2: Strikes out swinging
|
|
Batting: SHB Ramon Martinez
|
0-0: Foul Ball, location: 2F 0-1: Called Strike 0-2: Ball 1-2: Ball 2-2: Ball 3-2: Strikes out looking
|
|
Batting: RHB Jimmy Groseclose
|
0-0: Foul Ball, location: 2F 0-1: Swinging Strike 0-2: Strikes out swinging
|
| Top of the 1st over - 0 runs, 0 hits, 0 errors, 0 left on base; Miami 0 - Milwaukee 0 |
| BOTTOM OF THE 1ST |
|
Milwaukee Brewers batting - Pitching for Miami Marlins : LHP Matt Payne
|
|
Pitching: LHP Matt Payne
|
|
|
Batting: RHB Kisho Ito
|
0-0: Ball 1-0: Ball 2-0: Ball 3-0: Called Strike 3-1: Base on Balls
|
|
Batting: SHB Jamel Wright
|
0-0: Ball Pickoff Throw by Catcher to First - Out! 1-0: Fly out, F9 (Flyball, 9S, EV 75.0 MPH)
|
|
Batting: RHB Bobby Muniz
|
0-0: Called Strike 0-1: Ball 1-1: Swinging Strike 1-2: Foul Ball, location: 2F 1-2: Foul Ball, location: 2F 1-2: Strikes out looking
|
| Bottom of the 1st over - 0 runs, 0 hits, 0 errors, 0 left on base; Miami 0 - Milwaukee 0 |
| TOP OF THE 2ND |
|
Miami Marlins batting - Pitching for Milwaukee Brewers : RHP Cody Autry
|
|
Batting: RHB Bert Clark
|
0-0: Called Strike 0-1: Ground out 6-3 (Groundball, 56, EV 80.6 MPH)
|
|
Batting: RHB Micah Christopher
|
0-0: Ball 1-0: Ball 2-0: Ball 3-0: Base on Balls
|
|
Batting: RHB Steve Barnard
|
0-0: Called Strike 0-1: Ball 1-1: Ball 2-1: Ball 3-1: Foul Ball, location: 2F 3-2: Base on Balls Micah Christopher to second
|
|
Batting: RHB Mark Barger
|
0-0: Called Strike 0-1: Ball 1-1: Ball 2-1: Called Strike 2-2: Strikes out swinging
|
|
Batting: RHB Justin Huff
|
0-0: Ball 1-0: Fielders Choice at 2nd, 6-4 (Groundball, 6, EV 101.9 MPH)
|
| Top of the 2nd over - 0 runs, 0 hits, 0 errors, 2 left on base; Miami 0 - Milwaukee 0 |
| BOTTOM OF THE 2ND |
|
Milwaukee Brewers batting - Pitching for Miami Marlins : LHP Matt Payne
|
|
Batting: SHB Jason Woods
|
0-0: Called Strike 0-1: Ball 1-1: Ball 2-1: Ball 3-1: Foul Ball, location: 2F 3-2: Foul Ball, location: 2F 3-2: Fly out, F8 (Flyball, 78M, EV 94.4 MPH)
|
|
Batting: RHB Akitada Nishizawa
|
0-0: Called Strike 0-1: Called Strike 0-2: Foul Ball, location: 2F 0-2: Ball 1-2: Ball 2-2: Ground out 6-3 (Groundball, 6S, EV 89.4 MPH)
|
|
Batting: RHB Noah Stanley
|
0-0: Ball 1-0: Ball 2-0: Ground out U3 (Groundball, 34S, EV 83.1 MPH)
|
| Bottom of the 2nd over - 0 runs, 0 hits, 0 errors, 0 left on base; Miami 0 - Milwaukee 0 |
| TOP OF THE 3RD |
|
Miami Marlins batting - Pitching for Milwaukee Brewers : RHP Cody Autry
|
|
Batting: LHB Eric Bailey
|
0-0: Bunt for hit to 15S - play at first, batter safe!
|
|
Batting: RHB Roger Salazar
|
0-0: Called Strike 0-1: DOUBLE (Groundball, 5L, EV 109.4 MPH) Eric Bailey to third
|
|
Batting: SHB Ramon Martinez
|
0-0: Foul Ball, location: 2F 0-1: Foul Ball, location: 2F 0-2: Foul Ball, location: 2F 0-2: Ball 1-2: Foul Ball, location: 2F 1-2: Foul Ball, location: 2F 1-2: Ball 2-2: Strikes out swinging
|
|
Batting: RHB Jimmy Groseclose
|
0-0: Ball 1-0: Called Strike 1-1: Ground out 5-3 (Groundball, 5S, EV 81.9 MPH)
|
|
Batting: RHB Bert Clark
|
0-0: Called Strike 0-1: 3-RUN HOME RUN (Flyball, 9D, EV 98.8 MPH), Distance : 377 ft
|
|
Batting: RHB Micah Christopher
|
0-0: Foul Ball, location: 2F 0-1: Called Strike 0-2: Ball 1-2: Foul Ball, location: 2F 1-2: Ball 2-2: Strikes out swinging
|
| Top of the 3rd over - 3 runs, 3 hits, 0 errors, 0 left on base; Miami 3 - Milwaukee 0 |
| BOTTOM OF THE 3RD |
|
Milwaukee Brewers batting - Pitching for Miami Marlins : LHP Matt Payne
|
|
Batting: LHB Tetsuya Oba
|
0-0: Ball 1-0: Called Strike 1-1: Ball 2-1: Fly out, F8 (Flyball, 8RXD, EV 95.6 MPH)
|
|
Batting: SHB Pat Wilson
|
0-0: Ball 1-0: Called Strike 1-1: Ball 2-1: Ball 3-1: Swinging Strike 3-2: Base on Balls
|
|
Batting: RHB Mike Ball
|
0-0: Called Strike 0-1: Ball 1-1: Ball 2-1: Single, Error in OF, E7, batter to second base (Line Drive, 56, EV 106.2 MPH) Pat Wilson to third
|
|
Batting: RHB Kisho Ito
|
0-0: Called Strike 0-1: Ground out 5-3 (Groundball, 5L, EV 103.8 MPH) Pat Wilson scores
|
|
Batting: SHB Jamel Wright
|
0-0: Ball 1-0: Ball 2-0: Ball 3-0: Called Strike 3-1: Called Strike 3-2: Foul Ball, location: 2F 3-2: Foul Ball, location: 2F 3-2: Base on Balls
|
|
Batting: RHB Bobby Muniz
|
0-0: Called Strike 0-1: Ball 1-1: Ball 2-1: Hit by Pitch Mike Ball to third Jamel Wright to second
|
|
Batting: SHB Jason Woods
|
0-0: Fly out, F9 (Flyball, 9LSF, EV 99.4 MPH)
|
| Bottom of the 3rd over - 1 run, 1 hit, 1 error, 3 left on base; Miami 3 - Milwaukee 1 |
| TOP OF THE 4TH |
|
Miami Marlins batting - Pitching for Milwaukee Brewers : RHP Cody Autry
|
|
Batting: RHB Steve Barnard
|
0-0: Ball 1-0: Ball 2-0: Ground out 3-1 (Groundball, 34, EV 79.4 MPH)
|
|
Batting: RHB Mark Barger
|
0-0: Ball 1-0: Ball 2-0: Ball 3-0: Called Strike 3-1: Ground out U3 (Groundball, 34, EV 95.0 MPH)
|
|
Batting: RHB Justin Huff
|
0-0: Called Strike 0-1: Ball 1-1: Foul Ball, location: 2F 1-2: Ball 2-2: Fly out, F9 (Flyball, 89M, EV 78.8 MPH)
|
| Top of the 4th over - 0 runs, 0 hits, 0 errors, 0 left on base; Miami 3 - Milwaukee 1 |
| BOTTOM OF THE 4TH |
|
Milwaukee Brewers batting - Pitching for Miami Marlins : LHP Matt Payne
|
|
Batting: RHB Akitada Nishizawa
|
0-0: Foul Ball, location: 2F 0-1: Foul Ball, location: 2F 0-2: Ball 1-2: Strikes out swinging
|
|
Batting: RHB Noah Stanley
|
0-0: Foul Ball, location: 2F 0-1: Ball 1-1: Swinging Strike 1-2: Strikes out swinging
|
|
Batting: LHB Tetsuya Oba
|
0-0: Called Strike 0-1: Ball 1-1: Foul Ball, location: 2F 1-2: Ball 2-2: Ball 3-2: Base on Balls
|
|
Pitching: RHP Chris Nickerson
|
|
|
Batting: SHB Pat Wilson
|
0-0: Ball 1-0: Called Strike 1-1: Foul Ball, location: 2F 1-2: Foul Ball, location: 2F 1-2: Strikes out swinging
|
| Bottom of the 4th over - 0 runs, 0 hits, 0 errors, 1 left on base; Miami 3 - Milwaukee 1 |
| TOP OF THE 5TH |
|
Miami Marlins batting - Pitching for Milwaukee Brewers : RHP Cody Autry
|
|
Now at 2B: Adrian Rudkilde
|
|
|
Now in RF: Gabe Harvey
|
|
|
Batting: LHB Eric Bailey
|
0-0: Ball 1-0: Ball 2-0: Ball 3-0: Called Strike 3-1: Foul Ball, location: 2F 3-2: Strikes out swinging
|
|
Batting: RHB Roger Salazar
|
0-0: Ball 1-0: Swinging Strike 1-1: Swinging Strike 1-2: Ball 2-2: Foul Ball, location: 2F 2-2: Foul Ball, location: 2F 2-2: Strikes out swinging
|
|
Batting: SHB Ramon Martinez
|
0-0: Swinging Strike 0-1: Foul Ball, location: 2F 0-2: Strikes out swinging
|
| Top of the 5th over - 0 runs, 0 hits, 0 errors, 0 left on base; Miami 3 - Milwaukee 1 |
| BOTTOM OF THE 5TH |
|
Milwaukee Brewers batting - Pitching for Miami Marlins : RHP Chris Nickerson
|
|
Now at 1B: Greg Herzig
|
|
|
Now in RF: Dan Zink
|
|
|
Batting: RHB Mike Ball
|
0-0: Ball 1-0: Ball 2-0: Ball 3-0: Base on Balls
|
|
Pinch Hitting: RHB Ben Campbell
|
0-0: Foul Ball, location: 2F 0-1: Grounds into double play, 5-4-3 (Groundball, 56, EV 95.0 MPH)
|
|
Batting: SHB Jamel Wright
|
0-0: Swinging Strike 0-1: Swinging Strike 0-2: Ball 1-2: Strikes out swinging
|
| Bottom of the 5th over - 0 runs, 0 hits, 0 errors, 0 left on base; Miami 3 - Milwaukee 1 |
| TOP OF THE 6TH |
|
Miami Marlins batting - Pitching for Milwaukee Brewers : RHP Cody Autry
|
|
Pitching: LHP Vasquo Sartores
|
|
|
Now at C: Katsunan Akimoto
|
|
|
Now at SS: Ben Campbell
|
|
|
Batting: RHB Greg Herzig
|
0-0: Called Strike 0-1: Foul Ball, location: 2F 0-2: Ball 1-2: Foul Ball, location: 2F 1-2: Foul Ball, location: 2F 1-2: Ground out 6-3 (Groundball, 6, EV 86.9 MPH)
|
|
Pinch Hitting: RHB Dale Young
|
0-0: Called Strike 0-1: Ball 1-1: Ball 2-1: Called Strike 2-2: Ball 3-2: Fly out, F8 (Flyball, 89D, EV 102.5 MPH)
|
|
Batting: SHB Dan Zink
|
0-0: Fly out, F9 (Flyball, 9LD, EV 93.8 MPH)
|
| Top of the 6th over - 0 runs, 0 hits, 0 errors, 0 left on base; Miami 3 - Milwaukee 1 |
| BOTTOM OF THE 6TH |
|
Milwaukee Brewers batting - Pitching for Miami Marlins : RHP Chris Nickerson
|
|
Pitching: RHP Gabe Behrend
|
|
|
Now in LF: Dale Young
|
|
|
Batting: LHB Katsunan Akimoto
|
0-0: Called Strike 0-1: Called Strike 0-2: Fly out, F7 (Flyball, 78S, EV 75.0 MPH)
|
|
Pinch Hitting: RHB Daniel Donovan
|
0-0: Ball 1-0: Ball 2-0: Ball 3-0: Base on Balls
|
|
Batting: RHB Adrian Rudkilde
|
0-0: Ball 1-0: Ball 2-0: Ball 3-0: Grounds into double play, 6-4-3 (Groundball, 6, EV 85.6 MPH)
|
| Bottom of the 6th over - 0 runs, 0 hits, 0 errors, 0 left on base; Miami 3 - Milwaukee 1 |
| TOP OF THE 7TH |
|
Miami Marlins batting - Pitching for Milwaukee Brewers : LHP Vasquo Sartores
|
|
Now in LF: Daniel Donovan
|
|
|
Now in CF: Pat Wilson
|
|
|
Pinch Hitting: RHB Alberto Cotto
|
0-0: Ball 1-0: Ball 2-0: Ball 3-0: DOUBLE (Line Drive, 9LM, EV 105.0 MPH)
|
|
Batting: RHB Mark Barger
|
0-0: Called Strike 0-1: Foul Ball, location: 2F 0-2: Strikes out swinging
|
|
Pinch Hitting: RHB Alex Munoz
|
0-0: Ball 1-0: Called Strike 1-1: Ground out 1-3 (Groundball, 34S, EV 61.2 MPH) Alberto Cotto to third
|
|
Batting: LHB Eric Bailey
|
0-0: Ground out 4-3 (Groundball, 4, EV 88.8 MPH)
|
| Top of the 7th over - 0 runs, 1 hit, 0 errors, 1 left on base; Miami 3 - Milwaukee 1 |
| BOTTOM OF THE 7TH |
|
Milwaukee Brewers batting - Pitching for Miami Marlins : RHP Gabe Behrend
|
|
Pitching: RHP Pat Siebert
|
|
|
Now at 2B: Alex Munoz
|
|
|
Now at 3B: Alberto Cotto
|
|
|
Batting: LHB Gabe Harvey
|
0-0: Fly out, F8 (Flyball, 78S, EV 78.8 MPH)
|
|
Pinch Hitting: SHB Jean-François Bernard
|
0-0: Fly out, F8 (Line Drive, 8RD, EV 96.2 MPH)
|
|
Batting: SHB Pat Wilson
|
0-0: Ball 1-0: Foul Ball, location: 2F 1-1: Ball 2-1: Foul Ball, location: 2F 2-2: Strikes out swinging
|
| Bottom of the 7th over - 0 runs, 0 hits, 0 errors, 0 left on base; Miami 3 - Milwaukee 1 |
| TOP OF THE 8TH |
|
Miami Marlins batting - Pitching for Milwaukee Brewers : LHP Vasquo Sartores
|
|
Pitching: RHP Alberto Pickett
|
|
|
Now at 1B: Jean-François Bernard
|
|
|
Batting: RHB Roger Salazar
|
0-0: Ball 1-0: Swinging Strike 1-1: Ball 2-1: Ball 3-1: Base on Balls
|
|
Batting: RHB Josh Crenwelge
|
0-0: Ball 1-0: Ball 2-0: Bunted foul 2-1: Sac Bunt to 13 - play at first, batter OUT! 1-3 Roger Salazar to second
|
|
Batting: RHB Greg Herzig
|
0-0: Called Strike 0-1: Ball 1-1: Called Strike 1-2: Strikes out swinging, 2-3 out at first.
|
|
Batting: RHB Dale Young
|
0-0: Foul Ball, location: 2F 0-1: Ground out 5-3 (Groundball, 56S, EV 87.5 MPH)
|
| Top of the 8th over - 0 runs, 0 hits, 0 errors, 1 left on base; Miami 3 - Milwaukee 1 |
| BOTTOM OF THE 8TH |
|
Milwaukee Brewers batting - Pitching for Miami Marlins : RHP Pat Siebert
|
|
Pitching: RHP Doug Seliger
|
|
|
Batting: RHB Mike Ball
|
0-0: Ball 1-0: Fly out, F7 (Flyball, 78S, EV 88.8 MPH)
|
|
Batting: RHB Ben Campbell
|
0-0: Foul Ball, location: 2F 0-1: Ball 1-1: Ball 2-1: Called Strike 2-2: Ground out 6-3 (Groundball, 6M, EV 83.8 MPH)
|
|
Batting: SHB Jamel Wright
|
0-0: Ball 1-0: Ball 2-0: Ball 3-0: Base on Balls
|
|
Batting: LHB Katsunan Akimoto
|
0-0: Called Strike 0-1: Ball 1-1: Fielders Choice at 2nd, 6-4 (Groundball, 6, EV 85.0 MPH)
|
| Bottom of the 8th over - 0 runs, 0 hits, 0 errors, 1 left on base; Miami 3 - Milwaukee 1 |
| TOP OF THE 9TH |
|
Miami Marlins batting - Pitching for Milwaukee Brewers : RHP Alberto Pickett
|
|
Pitching: RHP Brett Rosinsky
|
|
|
Batting: SHB Dan Zink
|
0-0: Ball 1-0: SINGLE (Line Drive, 4M, EV 95.0 MPH)
|
|
Batting: RHB Alberto Cotto
|
0-0: Called Strike 0-1: Sac Bunt to 13 - play at second, runner OUT! 1-6
|
|
Batting: RHB Mark Barger
|
0-0: Ground out 3-1 (Groundball, 34, EV 97.5 MPH) Alberto Cotto to second
|
|
Batting: RHB Alex Munoz
|
0-0: SINGLE (Flyball, 8LS, EV 98.1 MPH) Alberto Cotto to third Runner from 3rd tries for Home, SAFE, throw by CF to home
|
|
Batting: LHB Eric Bailey
|
0-0: Ball 1-0: Called Strike 1-1: Fly out, F9 (Flyball, 89M, EV 90.0 MPH)
|
| Top of the 9th over - 1 run, 2 hits, 0 errors, 1 left on base; Miami 4 - Milwaukee 1 |
| BOTTOM OF THE 9TH |
|
Milwaukee Brewers batting - Pitching for Miami Marlins : RHP Doug Seliger
|
|
Pitching: LHP Kyae-sung Che
|
|
|
Batting: RHB Daniel Donovan
|
0-0: Ball 1-0: Ball 2-0: Ball 3-0: Base on Balls
|
|
Batting: RHB Adrian Rudkilde
|
0-0: Foul Ball, location: 2F 0-1: Fly out, F8 (Flyball, 8RM, EV 85.6 MPH)
|
|
Batting: LHB Gabe Harvey
|
0-0: 2-RUN HOME RUN (Flyball, 89XD, EV 111.9 MPH), Distance : 428 ft
|
|
Batting: SHB Jean-François Bernard
|
0-0: Ground out 6-3 (Groundball, 56S, EV 82.5 MPH)
|
|
Batting: SHB Pat Wilson
|
0-0: Ball 1-0: Ball 2-0: Ball 3-0: Called Strike 3-1: Foul Ball, location: 2F 3-2: Foul Ball, location: 2F 3-2: Foul Ball, location: 2F 3-2: Base on Balls
|
|
Batting: RHB Mike Ball
|
0-0: Ball 1-0: Fly out, F7 (Flyball, 7S, EV 91.2 MPH)
|
| Bottom of the 9th over - 2 runs, 1 hit, 0 errors, 1 left on base; Miami 4 - Milwaukee 3 |
|